 Dungeon Crawl Stone Soup version 0.20-a0-214-gb74cb0e (webtiles) character file.

67 feito the Skirmisher (level 4, -5/38 HPs)
             Began as a Formicid Abyssal Knight on Nov 27, 2016.
             Was a Follower of Lugonu.
             Killed by divine providence
             ... invoked by an orc priest
              (14 damage)
             ... on level 3 of the Dungeon.
             The game lasted 00:06:56 (1885 turns).

feito the Skirmisher (Formicid Abyssal Knight)      Turns: 1885, Time: 00:06:56

Health: -5/38      AC:  5    Str: 17    XL:     4   Next: 40%
Magic:  5/5        EV: 11    Int: 11    God:    Lugonu [*.....]
Gold:   126        SH:  0    Dex: 11    Spells: 3/3 levels left

rFire  . . .     SeeInvis +     a - +1 spear
rCold  . . .     Gourm    .     k - +2 leather armour {rPois}
rNeg   . . .     Faith    .     (no shield)
rPois  +         Spirit   .     (helmet unavailable)
rElec  .         Reflect  .     (no cloak)
rCorr  .         Harm     .     (no gloves)
MR     .....                    (no boots)
Stlth  +.........               (no amulet)
                                (no ring)
                                (no ring)

@: no status effects
A: permanent stasis, dig shafts and tunnels, four strong arms, antennae 3
a: Dig, Shaft Self, Depart the Abyss, Renounce Religion


You were on level 3 of the Dungeon.
You worshipped Lugonu.
Lugonu was aware of your devotion.
You were not hungry.

You visited 1 branch of the dungeon, and saw 3 of its levels.
You visited the Abyss 1 time.

You collected 126 gold pieces.

Inventory:

Hand Weapons
 a - a +1 spear (weapon)
Missiles
 p - 4 javelins (quivered)
Armour
 b - a +0 leather armour
 f - a +0 scale mail
 k - a +2 leather armour of poison resistance (worn)
Jewellery
 e - a cursed ring of teleportation {unknown}
Wands
 s - a wand of enslavement (8/24)
Scrolls
 g - a scroll of immolation {unknown}
 j - 2 scrolls of identify {unknown}
 m - a scroll of noise {unknown}
 o - 2 scrolls of teleportation {unknown}
 r - a scroll of blinking {unknown}
 t - a scroll of remove curse {unknown}
 v - a scroll of fear {unknown}
Potions
 i - a potion of haste {unknown}
 l - 2 potions of cancellation {unknown}
 n - a potion of brilliance {unknown}
Comestibles
 c - 3 bread rations
 d - a meat ration
 q - 2 fruits
 u - 3 chunks of flesh


   Skills:
 * Level 4.3 Fighting
 + Level 2.7 Polearms
 + Level 2.7 Armour
 + Level 0.8 Dodging
 + Level 0.0 Stealth
 + Level 2.6 Invocations


You had 3 spell levels left.
You didn't know any spells.

Dungeon Overview and Level Annotations

Branches:
Dungeon (3/15)

Altars:
Zin


Innate Abilities, Weirdness & Mutations

You cannot be hasted, slowed, berserked, paralysed or teleported.
You can dig through walls and to a lower floor.
Your four strong arms can wield two-handed weapons with a shield.
You have a pair of large antennae on your head. (SInv)


Message History

The orc barely misses you.
Throwing (i - inventory. (,) - cycle):
h - a javelin of returning (quivered)
Press: ? - help, Shift-Dir - straight line, f - orc priest, p - orc
Aim: an orc priest, wielding a flail and wearing a leather armour You throw a javelin of returning.
The javelin of returning barely misses the orc.
The javelin of returning barely misses the orc priest.
The javelin of returning fails to return to your pack!
The orc hits you with a hand axe.
* * * LOW HITPOINT WARNING * * *
You are too injured to fight recklessly!
You closely miss the orc. The orc hits you but does no damage.
You hit the orc.
The orc is almost dead.
The orc hits you but does no damage.
You barely miss the orc.
The orc is almost dead.
The orc priest invokes the aid of Beogh against you.
Beogh smites you!
You die...

###
#.#.#############
#....#...)......@oo#
#.##.#.###########(#
#.<#.#.# { .#
#..#.#.# # .#
#..#.#.#.# ##
#..#.#.#.####
............#
....†#.#....#
.....#.######


You could see an orc priest and an orc.

Vanquished Creatures
  An ooze (D:2)
  A worm (D:2)
  A leopard gecko (D:2)
  4 orcs (D:3)
  A ball python (D:1)
  7 bats
  4 giant cockroaches
  4 goblins
  4 hobgoblins
  6 jackals (D:2)
  7 kobolds
  2 quokkas
  A frilled lizard (D:1)
  4 rats
47 creatures vanquished.

Notes
Turn   | Place    | Note
-------+----------+-------------------------------------------
     0 | Abyss:1  | feito the Formicid Abyssal Knight began the quest for the Orb.
     0 | Abyss:1  | Reached XP level 1. HP: 18/18 MP: 2/2
    41 | Abyss:1  | Noticed a freezing wraith
    45 | D:1      | Escaped the Abyss
   206 | D:1      | Reached XP level 2. HP: 24/24 MP: 3/3
   319 | D:1      | Reached * piety under Lugonu
   966 | D:2      | Reached skill level 4 in Fighting
   966 | D:2      | Reached XP level 3. HP: 30/30 MP: 4/4
  1312 | D:2      | Found a glowing silver altar of Zin.
  1312 | D:2      | Noticed an angel
  1397 | D:2      | Reached XP level 4. HP: 37/37 MP: 5/5
  1885 | D:3      | Killed from afar by an orc priest

Vault maps used:
D:1:      dpeg_arrival_another_circle
D:2:      zin_angel
D:3:      nicolae_overflow_hidden_temple

Skill      XL: |  1  2 |
---------------+-------+-----
Fighting       | 4 |  4.3
Polearms       | |  2.7
Armour         | |  2.7
Dodging        | |  0.8
Invocations    | |  2.6

Action                   |  1- 3 |  4- 6 || total
-------------------------+-------+-------++-------
Melee: Spear             |   100 |    59 ||   159
Throw: Javelin           |       |     2 ||     2
Invok: Depart the Abyss  |     1 |       ||     1
 Stab: Sleeping          |     1 |       ||     1
  Eat: Chunk             |     2 |     1 ||     3
Armor: Leather armour    |    21 |    15 ||    36
       Scale mail        |     2 |       ||     2
Dodge: Dodged            |    29 |    19 ||    48
